 Dungeon Crawl Stone Soup version 0.30-a0-377-g5cb311bc9f (webtiles) character file.

Game seed: 8898415243190853413

9 NinjaNoafa the Caller (level 2, 0/11 HPs)
             Began as a Felid Summoner on Nov 27, 2022.
             Slain by a gnoll
             ... wielding a +2 whip of draining
              (9 damage)
             ... on level 1 of the Dungeon.
             The game lasted 00:01:31 (442 turns).

NinjaNoafa the Caller (Felid Summoner)               Turns: 442, Time: 00:01:31

Health: 0/11       AC:  1    Str:  4    XL:     2   Next: 6%
Magic:  0/6        EV: 17    Int: 16    God:
Gold:   36         SH:  0    Dex: 16    Spells: 4/5 levels left
                                        Lives:  0   Deaths: 0

rFire   . . .      SeeInvis +    (weapon unavailable)
rCold   . . .      Faith    .    (shield unavailable)
rNeg    . . .      Spirit   .    (body armour unavailable)
rPois   .          Reflect  .    (helmet unavailable)
rElec   .          Harm     .    (cloak unavailable)
rCorr   .          Rampage  .    (gloves unavailable)
Will    .....                    (boots unavailable)
Stlth   ++........               (no amulet)
HPRegen 0.21/turn                (no ring)
MPRegen 0.10/turn                (no ring)

@: quick
A: very small, claws 1, fangs 3, see invisible, speed 1, shaggy fur 1, stealthy
paws, no weapons or thrown items, no armour, multi-lived
a: no special abilities


You were on level 1 of the Dungeon.
You visited 1 branch of the dungeon, and saw 1 of its levels.

You collected 36 gold pieces.

Inventory:

Scrolls
 b - a scroll of identify {unknown}
 d - a scroll of fog {unknown}
Potions
 c - a potion of curing {unknown}


   Skills:
 - Level 2.6 Dodging
 - Level 2.6 Stealth
 + Level 2.3 Spellcasting
 + Level 4.2 Summonings


You had 4 spell levels left.
You knew the following spells:

 Your Spells              Type           Power      Damage    Failure   Level
a - Summon Small Mammal   Summ           60%        N/A       3%          1

Your spell library contained the following spells:

 Spells                   Type           Power      Damage    Failure   Level
 Call Imp                 Summ           15%        N/A       5%          2
 Call Canine Familiar     Summ           15%        N/A       11%         3
 Summon Guardian Golem    Hex/Summ       8%         N/A       26%         3
 Summon Lightning Spire   Summ/Air       8%         N/A       63%         4


Dungeon Overview and Level Annotations

Branches:
Dungeon (1/15)

Altars:


Innate Abilities, Weirdness & Mutations

You have sharp claws.
You have razor-sharp teeth.
You have supernaturally acute eyesight. (SInv)
You cover ground quickly. (Speed+)
You are covered in fur. (AC +1)
Your paws help you pounce on unaware monsters.
You are incapable of wielding weapons or throwing items.
You cannot wear armour.
You gain extra lives every three experience levels.


Message History

The bat misses your quokka.
Your quokka barely misses the bat.
Your quokka barely misses the bat.
You swap places.
Your rat closely misses the gnoll.
The gnoll hits your rat with a +2 whip of draining.
Your rat dies!
Your rat's corpse disappears in a puff of smoke!
Your quokka completely misses the bat.
Your quokka misses the bat.
You swap places.
Your bat closely misses the gnoll.
Your bat hits the gnoll but does no damage.
The gnoll hits your bat with a +2 whip of draining!
Your bat dies!
Your bat's corpse disappears in a puff of smoke!
The gnoll shouts!
Your quokka closely misses the bat.
Your quokka closely misses the bat.
A ball python and a bat come into view.
The gnoll hits your rat with a +2 whip of draining.
Your rat dies!
Your rat's corpse disappears in a puff of smoke!
You scratch the bat.
The bat is severely wounded.
The bat barely misses you. The bat closely misses you. x2
You scratch the bat but do no damage.
The bat is severely wounded.
The bat closely misses you. The bat misses you.
You scratch the bat.
You kill the bat!
The gnoll misses you.
Your quokka misses the bat.
You scratch the ball python but do no damage.
Your bite misses the ball python. The ball python barely misses you.
The ball python grabs you. The ball python constricts you.
The gnoll closely misses you.
Your quokka bites the bat.
The bat dies!
The ball python closely misses you. The ball python constricts you.
You scratch the ball python.
You kill the ball python!
The gnoll hits you with a +2 whip of draining!
Ouch! That really hurt!
You die...

#.#.....
...#.#
#.#..#.##.#
#.# #.. .##.
#.# #. . #.#
. #r# #b#
#.#
##########r#
......†@g..#
############


You could see a gnoll and a friendly quokka (summoned).

Vanquished Creatures
  A kobold (D:1)
  A ball python (D:1)
  2 bats (D:1)
  A goblin (D:1)
5 creatures vanquished.

Vanquished Creatures (collateral kills)
  A ball python (D:1)
  A giant cockroach (D:1)
  A hobgoblin (D:1)
  A quokka (D:1)
  A bat (D:1)
5 creatures vanquished.

Grand Total: 10 creatures vanquished

Notes
Turn   | Place    | Note
-------+----------+-------------------------------------------
     0 | D:1      | NinjaNoafa the Felid Summoner began the quest for the Orb.
     0 | D:1      | Reached XP level 1. HP: 7/7 MP: 4/4
   366 | D:1      | Reached XP level 2. HP: 11/11 MP: 3/6
   442 | D:1      | Slain by a gnoll

Illustrated notes

Levels and vault maps discovered:
D:1:      dpeg_cavernosity, layout_basic, shapermc_ecumenical_altar_rom_forum

Action                   || total
-------------------------++-------
Melee: Unarmed           ||    12
       Bite              ||     1
 Cast: Summon Small Mamm ||    26
  Use: Potion            ||     1
 Stab: Sleeping          ||     1
Armor: Skin              ||     3
Dodge: Dodged            ||    28

Table legend: (Time is in decaauts)
 A = Elapsed time spent in this place.
 B = Non-inter-level travel time spent in this place.
 C = Inter-level travel time spent in this place.
 D = Time resting spent in this place.
 E = Time spent auto-exploring this place.
 F = Levels seen in this place.
 G = Mean time per level.
                   A        B        C        D        E       F      G
               +--------+--------+--------+--------+--------+-----+--------+
         Total |    380 |    380 |      0 |      0 |    236 |   1 |  380.0 |
       Dungeon |    380 |    380 |      0 |      0 |    236 |   1 |  380.0 |
               +--------+--------+--------+--------+--------+-----+--------+

Top non-repeatable levels by time:
     D:1: 380 daAuts
